 Dungeon Crawl Stone Soup version 0.29.1-12-g30fa7ad0bf (webtiles) character file.

Game seed: 839226409150036137

13 mopl the Magician (level 2, 0/17 HPs)
             Began as an Octopode Hedge Wizard on Jan 2, 2023.
             Slain by a giant cockroach (2 damage)
             ... on level 1 of the Dungeon.
             The game lasted 00:00:31 (385 turns).

mopl the Magician (Octopode Hedge Wizard)            Turns: 385, Time: 00:00:31

Health: 0/17       AC:  1    Str:  9    XL:     2   Next: 37%
Magic:  5/6        EV: 13    Int: 16    God:
Gold:   3          SH:  0    Dex: 11    Spells: 6/7 levels left

rFire   . . .      SeeInvis .   a - +0 dagger
rCold   . . .      Faith    .   (no shield)
rNeg    . . .      Spirit   .   b - +0 hat
rPois   .          Reflect  .   (no amulet)
rElec   .          Harm     .   (no ring)
rCorr   .          Rampage  .   (no ring)
Will    .....                   (no ring)
Stlth   ++++......              (no ring)
HPRegen 0.05/turn               (no ring)
MPRegen 0.10/turn               (no ring)
                                (no ring)
                                (no ring)

@: no status effects
A: almost no armour, amphibious, 8 rings, camouflage 1, gelatinous body 1,
nimble swimmer 1, tentacles
a: no special abilities


You were on level 1 of the Dungeon.
You visited 1 branch of the dungeon, and saw 1 of its levels.

You collected 3 gold pieces.

Inventory:

Hand Weapons
 a - a +0 dagger (weapon)
Missiles
 d - 2 poisoned darts
Armour
 b - a +0 hat (worn)
Potions
 c - a potion of magic
 e - 2 potions of heal wounds {unknown}


   Skills:
 - Level 2.0 Dodging
 - Level 2.6 Stealth
 + Level 3.3 Spellcasting
 + Level 1.7 Conjurations
 - Level 1.0 Summonings
 - Level 1.0 Translocations


You had 6 spell levels left.
You knew the following spells:

 Your Spells              Type           Power      Damage    Failure   Level
a - Magic Dart            Conj           32%        1d4       9%          1

Your spell library contained the following spells:

 Spells                   Type           Power      Damage    Failure   Level
 Slow                     Hex            8%         N/A       19%         1
 Blink                    Tloc           10%        N/A       19%         2
 Call Imp                 Summ           5%         N/A       19%         2
 Conjure Flame            Conj/Fire      5%         6-21      36%         3
 Mephitic Cloud           Conj/Pois/Air  4%         N/A       38%         3


Dungeon Overview and Level Annotations

Branches:
Dungeon (1/15)

Altars:


Innate Abilities, Weirdness & Mutations

You cannot wear most types of armour.
You are amphibious.
You can wear up to eight rings at the same time.
Your skin changes colour to match your surroundings (Stealth+).
Your rubbery body absorbs attacks. (AC +1, EV +1)
You are camouflaged when in or above water. (Stealth+)
You have tentacles for arms and can constrict up to eight enemies at once.


Message History

The giant cockroach barely misses you.
You hit the jackal.
You squeeze the jackal, but do no damage.
The jackal is almost dead.
You constrict the jackal.
You kill the jackal!
The jackal bites you. The giant cockroach closely misses you.
The jackal bites you.
You hit the jackal but do no damage. Your grab misses the jackal.
Your squeeze misses the jackal. The giant cockroach closely misses you.
The jackal completely misses you.
You hit the jackal but do no damage. Your grab misses the jackal.
The jackal bites you. The giant cockroach closely misses you.
The giant cockroach barely misses you. The jackal closely misses you.
You hit the jackal. Your grab misses the jackal.
Your tentacle-slap misses the jackal.
The jackal is lightly wounded.
The jackal completely misses you. The giant cockroach bites you.
You barely miss the jackal. You grab the jackal.
The jackal is lightly wounded.
You constrict the jackal. The jackal barely misses you.
The giant cockroach misses you.
You hit the jackal but do no damage.
The jackal is moderately wounded.
You constrict the jackal. The jackal completely misses you.
The giant cockroach closely misses you. The jackal bites you.
* * * LOW HITPOINT WARNING * * *
You hit the giant cockroach but do no damage.
You grab the giant cockroach.
You tentacle-slap the giant cockroach, but do no damage.
You constrict the giant cockroach, but do no damage.
You constrict the jackal, but do no damage.
The giant cockroach bites you.
* * * LOW HITPOINT WARNING * * *
The jackal bites you.
* * * LOW HITPOINT WARNING * * *
You release your grip on the giant cockroach.
You release your grip on the jackal.
The jackal barely misses you. The giant cockroach bites you.
You die...

....... .## ......h #...#
....... ##..#.## .......
#..##..####.## ..!....
##....≈≈≈.....###
.......##......≈........##
...................[..#..#
#######.†≈..........≈..#..
##..≈@B.........≈≈..#.
#....h................
#....†..~~~~~~.....)..
#......~~####~~.......
#≈.....~## ##~.......
#≈≈....~# #~.....≈.
##≈...[.~# #~....≈≈.
........~## ##~.....≈.
###......~~####~~.......


You could see a jackal and a giant cockroach.

Vanquished Creatures
  2 bats (D:1)
  An endoplasm (D:1)
  A goblin (D:1)
  A hobgoblin (D:1)
  3 jackals (D:1)
  A kobold (D:1)
  A quokka (D:1)
10 creatures vanquished.

Notes
Turn   | Place    | Note
-------+----------+-------------------------------------------
     0 | D:1      | mopl the Octopode Hedge Wizard began the quest for the Orb.
     0 | D:1      | Reached XP level 1. HP: 11/11 MP: 4/4
   106 | D:1      | Reached XP level 2. HP: 4/17 MP: 1/6
   385 | D:1      | Slain by a giant cockroach

Illustrated notes

Levels and vault maps discovered:
D:1:      elethiomel_arrival_infinity_welcomes_careful_drivers, layout_basic,
          kennysheep_decorative_pillar

Action                   || total
-------------------------++-------
Melee: Dagger            ||    20
       Tentacles         ||     8
       Constrict         ||     7
       Punch             ||     1
 Cast: Magic Dart        ||     8
Armor: Skin              ||     2
Dodge: Dodged            ||    24
